[Event "Titled Tuesday Blitz October 04 Early 2022"]
[White "Baskakov, Egor"]
[Black "Ivic, Velimir"]
[WhiteFideId "24197866"]
[BlackFideId "950122"]
[WhiteElo "2211"]
[BlackElo "2625"]
[Result "0-1"]
[Round "04"]
[TimeControl "180+1"]
[Date "2022.10.04"]
[WhiteClock "0:00:33"]
[BlackClock "0:00:59"]

1. e4 c5 2. Nf3 Nc6 3. Nc3 e5 4. Nd5 d6 5. c3 Bg4 6. h3 Bh5 7. Bb5 Nf6 8. g4 Bg6 9. d3 a6 10. Nxf6+ Qxf6 11. Bc4 Qd8 12. h4 h5 13. Ng5 Qd7 14. f3 O-O-O 15. Be3 Re8 16. b4 f6 17. Nh3 hxg4 18. Nf2 g3 19. Ng4 f5 20. exf5 Bxf5 21. Bd5 Ne7 22. Be4 d5 23. Bxf5 Nxf5 24. Bxc5 Nxh4 25. Rg1 Bxc5 26. bxc5 Qf5 27. Rxg3 e4 28. fxe4 dxe4 29. d4 Nf3+ 30. Ke2 Qf4 31. Rg2 Nh4 32. Rg1 Qf3+ 33. Kd2 e3+ 34. Kc2 e2 35. Qd2 Qe4+ 36. Qd3 Nf3 37. Ne5 Rxe5 38. dxe5 e1=N+ 39. Raxe1 Rh2+ 0-1


[Site "https://www.chess.com"]

[Event "Titled Tuesday Blitz October 04 Early 2022"]
[White "Bluebaum, Matthias"]
[Black "Saydaliev, Saidakbar"]
[WhiteFideId "24651516"]
[BlackFideId "14203693"]
[WhiteElo "2633"]
[BlackElo "2276"]
[Result "0-1"]
[Round "04"]
[TimeControl "180+1"]
[Date "2022.10.04"]
[WhiteClock "0:00:12"]
[BlackClock "0:00:06"]

1. d4 Nf6 2. c4 e6 3. Nc3 Bb4 4. e3 O-O 5. Bd2 d5 6. Nf3 b6 7. cxd5 exd5 8. Rc1 a6 9. Bd3 Bb7 10. O-O Nbd7 11. Ne5 Re8 12. f4 Bxc3 13. Bxc3 Ne4 14. Bxe4 dxe4 15. Qb3 Nxe5 16. dxe5 Bd5 17. Qa4 Qe7 18. f5 c5 19. Qd1 Rad8 20. Qg4 Qf8 21. b3 Bb7 22. Rcd1 Rxd1 23. Rxd1 Rd8 24. Rxd8 Qxd8 25. f6 g6 26. e6 Qd3 27. e7 Qxe3+ 28. Kf1 Qd3+ 29. Qe2 Bc6 30. Qxd3 exd3 31. h4 h5 32. Kf2 Kh7 33. Ke3 g5 34. hxg5 Kg6 35. Kf4 b5 36. g3 c4 37. bxc4 bxc4 38. Bd2 Bd7 39. a3 Ba4 40. Ke5 Bb5 41. Kd6 c3 42. Bxc3 Kxg5 43. Kc7 Kg4 44. Be1 Kf5 45. Kd8 Kxf6 46. e8=Q Bxe8 47. Kxe8 Ke6 48. Kf8 f5 49. Kg7 f4 50. gxf4 Kf5 51. Kf7 h4 52. Ke7 h3 53. Bf2 0-1


[Site "https://www.chess.com"]

[Event "Titled Tuesday Blitz October 04 Early 2022"]
[White "Bortnyk, Olexandr"]
[Black "Beerdsen, Thomas"]
[WhiteFideId "14120828"]
[BlackFideId "1030108"]
[WhiteElo "2723"]
[BlackElo "2567"]
[Result "1/2-1/2"]
[Round "04"]
[TimeControl "180+1"]
[Date "2022.10.04"]
[WhiteClock "0:00:13"]
[BlackClock "0:00:25"]

1. e4 e5 2. Bc4 Nf6 3. d3 c6 4. Nf3 d5 5. Bb3 a5 6. a4 Bb4+ 7. Bd2 Bxd2+ 8. Qxd2 O-O 9. Nc3 Re8 10. h3 Na6 11. exd5 e4 12. dxe4 Nxe4 13. Nxe4 Rxe4+ 14. Kf1 Nc5 15. dxc6 Qf6 16. Rd1 Bf5 17. c7 Rae8 18. Qd6 Ne6 19. Bd5 Rb4 20. Qd7 Nxc7 21. Qxc7 Rxb2 22. Bb3 h6 23. Qxa5 Bxc2 24. Bxc2 Rxc2 25. Kg1 Ree2 26. Qd8+ Qxd8 27. Rxd8+ Kh7 28. Kh2 Rxf2 29. Rg1 Rxf3 30. Rd7 Rf4 31. Rxb7 Rxa4 32. Rxf7 Raa2 33. Rf3 h5 34. Rg3 Rc7 35. Rd1 Ra5 36. Rd6 Rf5 37. Rdg6 Rcf7 38. h4 Rf4 39. Kh3 R4f5 40. R3g5 Rxg5 41. Rxg5 g6 42. Rc5 Kg7 43. Rc6 Rf6 44. Rc7+ Rf7 45. Rc5 Rf4 46. Rc3 Rg4 47. Rc7+ Kh6 48. Rb7 Rc4 49. Rb6 Ra4 50. g3 Ra2 51. Rb8 Kg7 52. Rb7+ Kf6 53. Rb6+ Kg7 54. Rc6 Kf7 55. Rc7+ Kf6 56. Rc5 Kg7 57. Rc3 Ra7 58. Rf3 Rc7 59. Rf2 Rc1 60. Kg2 Rb1 61. Rd2 Rb7 62. Rd6 Rb3 63. Rc6 Ra3 64. Rc7+ Kh6 65. Rc4 Rb3 66. Rc8 Ra3 67. Rc2 Rb3 68. Rf2 Ra3 69. Rf3 Rxf3 70. Kxf3 g5 71. Ke4 gxh4 72. gxh4 Kh7 73. Kf5 Kh8 74. Kg5 Kg8 75. Kxh5 Kh8 76. Kg6 Kg8 77. h5 Kh8 78. h6 Kg8 79. h7+ Kh8 80. Kh6 1/2-1/2


[Site "https://www.chess.com"]

[Event "Titled Tuesday Blitz October 04 Early 2022"]
[White "Duda, Jan-Krzysztof"]
[Black "Nigmatov, Ortik"]
[WhiteFideId "1170546"]
[BlackFideId "14202131"]
[WhiteElo "2779"]
[BlackElo "2378"]
[Result "1-0"]
[Round "04"]
[TimeControl "180+1"]
[Date "2022.10.04"]
[WhiteClock "0:00:19"]
[BlackClock "0:00:02"]

1. d4 Nf6 2. Bf4 g6 3. e3 Bg7 4. Nf3 O-O 5. Be2 d5 6. h4 c5 7. c3 Nc6 8. Nbd2 Bg4 9. dxc5 Nd7 10. Nb3 e5 11. Bg3 e4 12. Nfd4 Bxe2 13. Nxe2 Nce5 14. Bxe5 Nxe5 15. Nf4 Bh6 16. Nc1 Rc8 17. h5 Bxf4 18. exf4 Nc4 19. b3 Na3 20. b4 a5 21. Nb3 Qf6 22. Rc1 axb4 23. cxb4 Qxf4 24. hxg6 hxg6 25. Qxd5 Rfd8 26. Qxb7 e3 27. O-O Kg7 28. Qf3 Qxf3 29. gxf3 e2 30. Rfe1 Re8 31. Nd4 Rcd8 32. Rxe2 Rxe2 33. Nxe2 Rd2 34. c6 Nb5 35. a4 Nc7 36. Ng3 Ra2 37. b5 Rb2 38. Ne4 f5 39. Nd6 Rb4 40. a5 1-0


[Site "https://www.chess.com"]

[Event "Titled Tuesday Blitz October 04 Early 2022"]
[White "Durarbayli, Vasif"]
[Black "Vasquez Schroeder, Rodrigo"]
[WhiteFideId "13402935"]
[BlackFideId "3400042"]
[WhiteElo "2586"]
[BlackElo "2577"]
[Result "0-1"]
[Round "04"]
[TimeControl "180+1"]
[Date "2022.10.04"]
[WhiteClock "0:00:03"]
[BlackClock "0:00:27"]

1. e4 c5 2. Nf3 d6 3. d4 cxd4 4. Nxd4 Nf6 5. Nc3 a6 6. Be2 e6 7. g4 h6 8. Be3 Qc7 9. h4 b5 10. a3 Bb7 11. f3 d5 12. exd5 Nxd5 13. Nxd5 Bxd5 14. Qd2 Nd7 15. O-O-O Nc5 16. Bf4 Bd6 17. Bxd6 Qxd6 18. Nf5 Qe5 19. Rhe1 O-O-O 20. Ne7+ Kb8 21. Bxb5 Qc7 22. Qb4 a5 23. Nc6+ Qxc6 24. Bxc6+ axb4 25. Bxd5 Rxd5 26. axb4 Rxd1+ 27. Rxd1 Nb7 28. Rd7 Rf8 29. c4 Kc8 30. Re7 Nd6 31. b3 Kd8 32. Ra7 Nc8 33. Rb7 g5 34. h5 f5 35. Rh7 fxg4 36. fxg4 Rf4 37. Rxh6 Rxg4 38. Rxe6 Rh4 39. h6 Ne7 40. b5 Kd7 41. Re5 g4 42. Rg5 Ke6 43. h7 Rxh7 44. Rxg4 Kd6 45. Rg5 Rh2 46. b4 Rh4 47. Rc5 Kd7 48. Kb2 Nc8 49. Kb3 Nd6 50. Rc6 Rh3+ 51. Ka4 Rc3 52. Rc5 Nxc4 53. b6 Ra3+ 54. Kb5 Nd6# 0-1


[Site "https://www.chess.com"]

[Event "Titled Tuesday Blitz October 04 Early 2022"]
[White "Eljanov, Pavel"]
[Black "Hambleton, Aman"]
[WhiteFideId "14102951"]
[BlackFideId "2606577"]
[WhiteElo "2601"]
[BlackElo "2538"]
[Result "1-0"]
[Round "04"]
[TimeControl "180+1"]
[Date "2022.10.04"]
[WhiteClock "0:01:02"]
[BlackClock "0:00:02"]

1. c4 c5 2. g3 e6 3. Bg2 Nf6 4. Nf3 Qc7 5. O-O b6 6. d4 Bb7 7. Nc3 a6 8. d5 exd5 9. cxd5 d6 10. e4 Nbd7 11. Re1 Be7 12. Nh4 O-O 13. Nf5 Rfe8 14. e5 Nxe5 15. Rxe5 dxe5 16. d6 Bxd6 17. Qxd6 Qc8 18. Bh3 Re6 19. Ne7+ Kf8 20. Nxc8+ Rxd6 21. Nxd6 1-0


[Site "https://www.chess.com"]

[Event "Titled Tuesday Blitz October 04 Early 2022"]
[White "Erdogdu, Mert"]
[Black "Safarli, Eltaj"]
[WhiteFideId "6301495"]
[BlackFideId "13402129"]
[WhiteElo "2413"]
[BlackElo "2634"]
[Result "0-1"]
[Round "04"]
[TimeControl "180+1"]
[Date "2022.10.04"]
[WhiteClock "0:00:12"]
[BlackClock "0:00:16"]

1. e4 c5 2. Nf3 Nc6 3. d4 cxd4 4. Nxd4 Nf6 5. Nc3 e6 6. Ndb5 Bc5 7. Bf4 O-O 8. Bc7 Qe7 9. Bd6 Bxd6 10. Qxd6 Qd8 11. Nc7 Rb8 12. Be2 b5 13. e5 Ne8 14. Nxe8 Rxe8 15. f4 b4 16. Ne4 Bb7 17. Nc5 Ne7 18. Nxb7 Rxb7 19. O-O-O Nf5 20. Qd3 Qa5 21. Kb1 Rc7 22. g4 Ne7 23. Bf3 Rec8 24. Rd2 Ng6 25. Qe3 Qc5 26. Qxc5 Rxc5 27. Rxd7 Nxf4 28. Rxa7 Rxc2 29. Bb7 R2c7 30. Bxc8 Rxa7 31. Rd1 g5 32. Rd4 Nd5 33. Rc4 Kf8 34. Rc6 Ne7 35. Rc4 Ke8 36. Bxe6 fxe6 37. Rxb4 Nc6 38. Rb6 Kd7 39. h3 Nxe5 40. b3 Nc6 41. a4 Kd6 42. Kb2 e5 43. Kc3 e4 44. Kd2 Kc5 45. Rb5+ Kd4 46. Rxg5 Ne5 47. Rg8 e3+ 48. Ke2 Rc7 49. Rd8+ Ke4 50. a5 Rc2+ 51. Kd1 Ra2 52. Re8 e2+ 53. Ke1 Kf4 54. Rf8+ Ke3 0-1


[Site "https://www.chess.com"]

[Event "Titled Tuesday Blitz October 04 Early 2022"]
[White "Gabrielian, Artur"]
[Black "Jobava, Baadur"]
[WhiteFideId "4131002"]
[BlackFideId "13601520"]
[WhiteElo "2432"]
[BlackElo "2582"]
[Result "0-1"]
[Round "04"]
[TimeControl "180+1"]
[Date "2022.10.04"]
[WhiteClock "0:00:02"]
[BlackClock "0:01:23"]

1. e4 e6 2. d4 d5 3. Nc3 dxe4 4. Nxe4 Bd7 5. Nf3 Bc6 6. Bd3 Nd7 7. O-O Ngf6 8. Ng3 g6 9. c3 Bg7 10. Re1 O-O 11. Bg5 h6 12. Bd2 a5 13. Qc2 Bxf3 14. gxf3 c5 15. dxc5 Nxc5 16. Bf1 Qc7 17. Rad1 a4 18. Be3 Rfc8 19. a3 Nd5 20. Bc1 f5 21. Bc4 Rd8 22. Rxe6 Nxe6 23. Bxd5 Ra6 24. Qe2 Kh7 25. c4 b5 26. Re1 bxc4 27. Bxc4 Rc6 28. Bxe6 Re8 29. Be3 Rcxe6 30. f4 Qb7 31. Rd1 Qxb2 32. Qc4 Qxa3 33. Rd7 R6e7 34. Rd5 Qb3 35. Qa6 Qxd5 0-1


[Site "https://www.chess.com"]

[Event "Titled Tuesday Blitz October 04 Early 2022"]
[White "Gan-Od, Sereenen"]
[Black "Bortnyk, Mykola"]
[WhiteFideId "4901304"]
[BlackFideId "14120836"]
[WhiteElo "2316"]
[BlackElo "2582"]
[Result "0-1"]
[Round "04"]
[TimeControl "180+1"]
[Date "2022.10.04"]
[WhiteClock "0:01:39"]
[BlackClock "0:01:11"]

1. Nf3 g6 2. g3 Bg7 3. Bg2 e5 4. O-O d5 5. c4 dxc4 6. Na3 Ne7 7. Nxc4 Nbc6 8. d3 h6 9. Rb1 Be6 10. Qa4 O-O 11. b4 a6 12. b5 axb5 13. Qxb5 Rxa2 14. Qxb7 Rxe2 15. Ba3 Qxd3 16. Bxe7 Nxe7 17. Qxc7 Nd5 18. Nfxe5 Qxb1 19. Bxd5 Re1 20. Bg2 Rc8 21. Qa5 Rxf1+ 22. Bxf1 Rxc4 23. Qd8+ Kh7 0-1


[Site "https://www.chess.com"]

[Event "Titled Tuesday Blitz October 04 Early 2022"]
[White "Hakobyan, Aram"]
[Black "Kucuksari, Kaan"]
[WhiteFideId "13306677"]
[BlackFideId "6380166"]
[WhiteElo "2563"]
[BlackElo "2382"]
[Result "1-0"]
[Round "04"]
[TimeControl "180+1"]
[Date "2022.10.04"]
[WhiteClock "0:00:50"]
[BlackClock "0:00:02"]

1. e4 c5 2. Nf3 d6 3. Bb5+ Nd7 4. g4 g6 5. a4 Bg7 6. Nc3 a6 7. Be2 e6 8. d4 cxd4 9. Nxd4 Ne7 10. h4 Nc5 11. h5 gxh5 12. Rxh5 Ng6 13. Be3 Nd7 14. Qd2 Nf6 15. Rh1 d5 16. O-O-O Nxe4 17. Nxe4 dxe4 18. Kb1 Bd7 19. Qb4 Qc7 20. Rd2 O-O-O 21. Rhd1 Kb8 22. Bxa6 Bxd4 23. Rxd4 Bc6 24. R1d2 Rd5 25. Bc4 Rxd4 26. Bxd4 Rc8 27. Bb6 Qe5 28. a5 Bd5 29. Be2 e3 30. Bxe3 Qc7 31. a6 Ne5 32. Bf4 f6 33. g5 Qc5 34. Qxc5 Rxc5 35. gxf6 Bc6 36. f7 1-0


[Site "https://www.chess.com"]

[Event "Titled Tuesday Blitz October 04 Early 2022"]
[White "Harvey, Marcus R"]
[Black "Wirig, Anthony"]
[WhiteFideId "400092"]
[BlackFideId "615013"]
[WhiteElo "2457"]
[BlackElo "2474"]
[Result "0-1"]
[Round "04"]
[TimeControl "180+1"]
[Date "2022.10.04"]
[WhiteClock "0:00:09"]
[BlackClock "0:00:06"]

1. e4 c5 2. Nf3 e6 3. d4 cxd4 4. Nxd4 Nf6 5. Nc3 Nc6 6. Be2 d5 7. exd5 exd5 8. O-O Be7 9. Bf4 O-O 10. Bf3 a6 11. Re1 h6 12. Nxc6 bxc6 13. Na4 Be6 14. Qd4 Nd7 15. Rad1 Bf6 16. Qd3 Qa5 17. b3 Qb5 18. Qd2 Rfe8 19. h3 a5 20. Be2 Qb7 21. Bd3 c5 22. c4 Bd4 23. Bxh6 gxh6 24. Qxh6 Bg7 25. Qg5 Kf8 26. Re3 f6 27. Qh5 Bf7 28. Qe2 Rxe3 29. Qxe3 d4 30. Qf4 Re8 31. Qd6+ Kg8 32. Bf5 Ne5 33. Nxc5 Qe7 34. Qxe7 Rxe7 35. Rxd4 Kf8 36. Rd8+ Re8 37. Rd6 Kg8 38. f4 Bf8 39. fxe5 Rxe5 40. Rxf6 Bxc5+ 41. Kf1 Be7 42. Bh7+ Kg7 43. Rf2 Bh5 44. Rf5 Rxf5+ 45. Bxf5 Kf6 46. Bd7 Bg6 47. Ke2 Bb1 48. a3 Bxa3 49. Ba4 Ke5 50. Kf3 Be4+ 51. Ke3 Bxg2 52. h4 Be4 53. Kd2 Bb4+ 54. Kc1 Kd4 55. Kb2 Bc3+ 56. Ka3 Bb4+ 57. Kb2 Bf3 58. Be8 Ke5 59. h5 Bd2 60. Bg6 Kd4 61. Be8 Bh6 62. Bg6 Kc5 63. Ka3 Bc1+ 64. Ka4 Bd2 65. Ka3 Bc6 66. Kb2 Kb4 67. Kc2 Bh6 68. Kb2 Bf3 69. Be8 Bd1 70. Ba4 Bg7+ 71. Ka2 Bxh5 72. Kb1 Bg6+ 73. Ka2 Bc2 74. c5 Be4 75. c6 Be5 76. c7 Bxc7 77. Kb2 Bd5 78. Ka2 Be5 79. Be8 Bxb3+ 80. Kb1 Bc4 81. Bd7 Kc3 82. Ba4 Bd3+ 83. Ka2 Bd6 84. Bb3 Bb4 85. Ba4 Bc4+ 86. Ka1 Bb3 87. Bb5 a4 88. Bxa4 Bxa4 89. Ka2 Bc2 90. Ka1 Bb3 91. Kb1 Ba3 92. Ka1 Bd5 93. Kb1 Bc5 94. Ka1 Kb3 95. Kb1 Be3 96. Ka1 Bf3 97. Kb1 Be4+ 98. Ka1 Bd4# 0-1


[Site "https://www.chess.com"]

[Event "Titled Tuesday Blitz October 04 Early 2022"]
[White "Jones, Gawain C B"]
[Black "Yaran, Siar"]
[WhiteFideId "409561"]
[BlackFideId "6323006"]
[WhiteElo "2657"]
[BlackElo "2191"]
[Result "1-0"]
[Round "04"]
[TimeControl "180+1"]
[Date "2022.10.04"]
[WhiteClock "0:00:05"]
[BlackClock "0:00:04"]

1. Nf3 Nf6 2. g3 e6 3. Bg2 d5 4. O-O Be7 5. c4 O-O 6. b3 b6 7. Bb2 Bb7 8. cxd5 Nxd5 9. d4 c5 10. Nc3 Nxc3 11. Bxc3 cxd4 12. Qxd4 Qxd4 13. Nxd4 Bxg2 14. Kxg2 Rc8 15. Rac1 Nc6 16. Bb2 Nxd4 17. Bxd4 Ba3 18. Rxc8+ Rxc8 19. Rd1 Rd8 20. Rd3 f6 21. f4 Kf7 22. Kf3 Ke7 23. Ke4 Rc8 24. Bc3 Rc6 25. g4 Rd6 26. g5 Rxd3 27. Kxd3 fxg5 28. fxg5 g6 29. b4 b5 30. Kc2 Kd7 31. Bd2 a5 32. bxa5 Kc6 33. Kb3 Bd6 34. h3 Kb7 35. a4 Ka6 36. axb5+ Kxb5 37. Kc2 Kc4 38. Bc3 Bf4 39. a6 Bb8 40. Bd2 Kb5 41. Kd3 Kxa6 42. Ke4 Kb7 43. Bf4 Ba7 44. Ke5 Bb8+ 45. Ke4 Ba7 46. Bd6 Kc6 47. Ke5 Kd7 48. Bb4 Be3 49. Kf6 Bd4+ 50. Kf7 Be3 51. Kg7 Bxg5 52. Kxh7 Bh4 53. Kxg6 Ke8 54. Bc3 Ke7 55. Be5 Bf2 56. Bf4 Bd4 57. h4 Bh8 58. Bg5+ Kf8 59. Bf6 1-0


[Site "https://www.chess.com"]

[Event "Titled Tuesday Blitz October 04 Early 2022"]
[White "Kevlishvili, Robby"]
[Black "Guzman, Christopher"]
[WhiteFideId "1040634"]
[BlackFideId "6405096"]
[WhiteElo "2585"]
[BlackElo "2272"]
[Result "0-1"]
[Round "04"]
[TimeControl "180+1"]
[Date "2022.10.04"]
[WhiteClock "0:00:12"]
[BlackClock "0:01:06"]

1. e4 c6 2. Nf3 d5 3. Nc3 dxe4 4. Nxe4 Nf6 5. Qe2 Nxe4 6. Qxe4 Nd7 7. c3 Nf6 8. Qc2 e6 9. d4 Bd6 10. Bd3 h6 11. O-O O-O 12. Re1 Qc7 13. c4 c5 14. b3 cxd4 15. Nxd4 a6 16. h3 Bd7 17. Bb2 Be7 18. Nf5 Bd8 19. Ng3 Re8 20. Rad1 Bc6 21. Qe2 Be7 22. Bb1 Rad8 23. Qc2 Rxd1 24. Rxd1 Rd8 25. Re1 Qf4 26. Bxf6 Bxf6 27. Qh7+ Kf8 28. Nf5 Ke8 29. Nxg7+ Bxg7 30. Qxg7 Rd2 31. Rf1 a5 32. Qc3 Qg5 33. g3 Qh5 34. h4 Qe2 35. Qc1 Qf3 0-1


[Site "https://www.chess.com"]

[Event "Titled Tuesday Blitz October 04 Early 2022"]
[White "Kravtsiv, Martyn"]
[Black "Goltsev, Dmitry"]
[WhiteFideId "14113147"]
[BlackFideId "24176710"]
[WhiteElo "2694"]
[BlackElo "2257"]
[Result "1-0"]
[Round "04"]
[TimeControl "180+1"]
[Date "2022.10.04"]
[WhiteClock "0:02:36"]
[BlackClock "0:02:11"]

1. e4 e6 2. d4 d5 3. Nc3 Nf6 4. Bg5 dxe4 5. Nxe4 Be7 6. Nxf6+ gxf6 7. Be3 b6 8. Qf3 Qd5 9. Qxd5 exd5 10. Ne2 Bf5 11. O-O-O c6 12. Ng3 Bg6 13. h4 h5 14. Bd3 Nd7 15. Nf5 Bf8 16. Bf4 O-O-O 17. Ba6# 1-0


[Site "https://www.chess.com"]

[Event "Titled Tuesday Blitz October 04 Early 2022"]
[White "Lazavik, Denis"]
[Black "Makarian, Rudik"]
[WhiteFideId "13515110"]
[BlackFideId "44105681"]
[WhiteElo "2437"]
[BlackElo "2405"]
[Result "1-0"]
[Round "04"]
[TimeControl "180+1"]
[Date "2022.10.04"]
[WhiteClock "0:00:08"]
[BlackClock "0:00:07"]

1. d4 g6 2. c4 Bg7 3. Nf3 d6 4. g3 Nf6 5. Nc3 O-O 6. Bg2 Nc6 7. d5 Na5 8. b3 c5 9. Bb2 a6 10. O-O Rb8 11. a4 Bd7 12. Ra3 e5 13. Nd2 h5 14. h3 Qe7 15. e4 h4 16. g4 Bh6 17. Nf3 Nh7 18. Bc1 Bxc1 19. Qxc1 g5 20. Qd2 b6 21. Rb1 Rfc8 22. Ne1 Nf8 23. Nc2 Ng6 24. Ne3 Nf4 25. Bf1 Qd8 26. Ne2 Nxe2+ 27. Bxe2 Nb7 28. Kf1 f6 29. Ke1 Kg7 30. f3 Qc7 31. Ra2 Nd8 32. Bd1 Nf7 33. b4 cxb4 34. Qxb4 a5 35. Qd2 Nh8 36. Be2 Ng6 37. Ng2 Qc5 38. Bf1 Rc7 39. Qe3 Rcb7 40. Rab2 Qc7 41. Ra2 Qc5 42. Rab2 Qxe3+ 43. Nxe3 Bxa4 44. Nf5+ Kf8 45. Nxd6 Ra7 46. c5 b5 47. Bxb5 Bxb5 48. Nxb5 Raa8 49. c6 Nf4 50. Kd2 Nxh3 51. d6 Nf4 52. c7 Rc8 53. d7 Ne6 54. dxc8=Q+ Rxc8 55. Ke3 Ke7 56. Rc2 h3 57. Na7 Rxc7 58. Rxc7+ Nxc7 59. Nc6+ Kd6 60. Nxa5 Ne6 61. Rh1 Nf4 62. Nc4+ Kc6 63. Nb2 Ng2+ 64. Kf2 Nf4 65. Kg3 Kc5 66. Rxh3 Nxh3 67. Kxh3 Kd4 68. Na4 Kc4 69. Nb6+ 1-0


[Site "https://www.chess.com"]

[Event "Titled Tuesday Blitz October 04 Early 2022"]
[White "Matinian, Nikita"]
[Black "Srihari L R"]
[WhiteFideId "24129100"]
[BlackFideId "46617116"]
[WhiteElo "2422"]
[BlackElo "2336"]
[Result "1/2-1/2"]
[Round "04"]
[TimeControl "180+1"]
[Date "2022.10.04"]
[WhiteClock "0:00:54"]
[BlackClock "0:00:15"]

1. e4 c5 2. Nc3 e6 3. d4 cxd4 4. Qxd4 Nc6 5. Qe3 Nf6 6. Bd2 d5 7. exd5 Nxd5 8. Nxd5 Qxd5 9. Nf3 Bc5 10. Qb3 Qxb3 11. axb3 f6 12. Bb5 e5 13. b4 Bb6 14. c3 Bd7 15. Be3 Bxe3 16. fxe3 Ne7 17. Bxd7+ Kxd7 18. e4 Kc7 19. Nd2 Rhd8 20. Nc4 Ng6 21. g3 Nf8 22. Ne3 Ne6 23. Nd5+ Kc6 24. Ke2 Nc7 25. Ne7+ Kd7 26. Nf5 Ne6 27. Rhd1+ Kc7 28. Rxd8 Kxd8 29. b5 Kc7 30. b4 Kb6 31. c4 Rd8 32. Ne7 Nd4+ 33. Kf2 Nc2 34. Ra4 Rd2+ 35. Kf3 Kc7 36. Rxa7 Nxb4 37. c5 Rd3+ 38. Kg4 Kb8 39. Ra4 Rd4 40. Kf5 Nd3 41. Rxd4 exd4 42. c6 Ne5 43. cxb7 Kxb7 44. Ke6 d3 45. Nd5 d2 46. Nc3 h5 47. h4 Nd3 48. Kf7 Nf2 49. Kxg7 Nxe4 50. Nd1 f5 51. Kg6 Nxg3 52. Kg5 Kb6 53. Kf4 Ne2+ 54. Kxf5 Kxb5 55. Ke4 Kc4 56. Ke3 Nc3 57. Kxd2 Nxd1 58. Kxd1 Kd4 59. Ke2 Ke4 60. Kf2 Kf4 61. Kg2 Kg4 62. Kh2 Kxh4 63. Kg2 Kg4 64. Kh2 h4 65. Kg2 h3+ 66. Kh2 Kh4 67. Kh1 Kg3 68. Kg1 h2+ 69. Kh1 Kh3 1/2-1/2


[Site "https://www.chess.com"]

[Event "Titled Tuesday Blitz October 04 Early 2022"]
[White "Ohanyan, Emin"]
[Black "Paravyan, David"]
[WhiteFideId "13312022"]
[BlackFideId "4194985"]
[WhiteElo "2302"]
[BlackElo "2555"]
[Result "1-0"]
[Round "04"]
[TimeControl "180+1"]
[Date "2022.10.04"]
[WhiteClock "0:00:44"]
[BlackClock "0:00:55"]

1. e4 e5 2. Nc3 Nf6 3. Bc4 Nc6 4. d3 Bb4 5. Ne2 d5 6. exd5 Nxd5 7. O-O Nxc3 8. Nxc3 O-O 9. Ne4 Bf5 10. c3 Be7 11. Qf3 Qd7 12. Qg3 Kh8 13. f4 Bxe4 14. dxe4 exf4 15. Bxf4 Bc5+ 16. Kh1 Bb6 17. e5 Qe7 18. Rae1 Rae8 19. Bg5 Qc5 20. Bf6 Rg8 21. Bxf7 gxf6 22. exf6 Ref8 23. Bxg8 Rxg8 24. Re8 1-0


[Site "https://www.chess.com"]

[Event "Titled Tuesday Blitz October 04 Early 2022"]
[White "Sarana, Alexey"]
[Black "Krysa, Leandro"]
[WhiteFideId "24133795"]
[BlackFideId "116807"]
[WhiteElo "2689"]
[BlackElo "2486"]
[Result "1-0"]
[Round "04"]
[TimeControl "180+1"]
[Date "2022.10.04"]
[WhiteClock "0:00:30"]
[BlackClock "0:00:02"]

1. c4 g6 2. d4 Bg7 3. e4 d6 4. Nc3 e5 5. d5 a5 6. Bd3 Na6 7. Nge2 Nc5 8. Bc2 h5 9. Be3 Bh6 10. Qd2 Bxe3 11. Qxe3 Nf6 12. h3 h4 13. f4 Qe7 14. Rf1 exf4 15. Qxf4 Nh5 16. Qf2 O-O 17. O-O-O Bd7 18. Kb1 a4 19. a3 Rae8 20. Nd4 Ng3 21. Rfe1 Qg5 22. Nf3 Qf4 23. e5 Bf5 24. Rd4 Bxc2+ 25. Qxc2 Qf5 26. Rxh4 dxe5 27. Rg4 Qxc2+ 28. Kxc2 e4 29. Ng5 Nd3 30. Rd1 Nf5 31. Ngxe4 Ne3+ 32. Kxd3 Nxd1 33. Nf6+ Kh8 34. Rh4+ Kg7 35. Nxe8+ Rxe8 36. Nxd1 1-0


[Site "https://www.chess.com"]

[Event "Titled Tuesday Blitz October 04 Early 2022"]
[White "Svane, Rasmus"]
[Black "Vantika, Agrawal"]
[WhiteFideId "4657101"]
[BlackFideId "25050389"]
[WhiteElo "2674"]
[BlackElo "2262"]
[Result "1-0"]
[Round "04"]
[TimeControl "180+1"]
[Date "2022.10.04"]
[WhiteClock "0:00:10"]
[BlackClock "0:00:01"]

1. Nf3 Nf6 2. g3 g6 3. Bg2 Bg7 4. O-O O-O 5. d4 d6 6. Re1 Nbd7 7. e4 e5 8. Nc3 c6 9. a4 Qc7 10. h3 Re8 11. a5 Rb8 12. Be3 b5 13. axb6 axb6 14. d5 Bb7 15. Nd2 b5 16. dxc6 Bxc6 17. Ra7 Rb7 18. Rxb7 Qxb7 19. Nb3 b4 20. Nd5 Bxd5 21. exd5 e4 22. Qd2 Nxd5 23. Bd4 f5 24. Bxg7 Kxg7 25. Rd1 N7f6 26. Qd4 Rc8 27. Rd2 Qb6 28. Qxb6 Nxb6 29. Rxd6 Nc4 30. Rd4 Nxb2 31. Rxb4 Rxc2 32. Rb7+ Kg8 33. Nd4 Rc1+ 34. Bf1 Nd3 35. Ne6 Nc5 36. Rg7+ Kh8 37. Rc7 Rxf1+ 38. Kxf1 Nxe6 39. Rc6 Ng5 40. Rxf6 Nxh3 41. Rf7 Kg8 42. Re7 Ng5 43. Ke2 Nf7 44. Ke3 Kg7 45. Re6 Ng5 46. Rd6 Nf7 47. Rb6 Ne5 48. Ra6 h6 49. Kd4 Nf3+ 50. Kd5 Ng5 51. Ke5 Nf7+ 52. Ke6 Ng5+ 53. Ke7 Nh3 54. Ra2 g5 55. Ke6 Kg6 56. Ke5 Ng1 57. Ra6+ Kh5 58. Kxf5 Nh3 59. Ra2 e3 60. fxe3 g4 61. e4 Ng5 62. e5 Nf7 63. Rh2# 1-0


[Site "https://www.chess.com"]

[Event "Titled Tuesday Blitz October 04 Early 2022"]
[White "Tang, Andrew"]
[Black "Tristan, Leonardo"]
[WhiteFideId "2059630"]
[BlackFideId "113816"]
[WhiteElo "2581"]
[BlackElo "2446"]
[Result "1-0"]
[Round "04"]
[TimeControl "180+1"]
[Date "2022.10.04"]
[WhiteClock "0:00:09"]
[BlackClock "0:01:47"]

1. d4 d5 2. Bf4 Nf6 3. e3 e6 4. Nf3 Bd6 5. Nbd2 O-O 6. Bd3 b6 7. Ne5 Ba6 8. Bxa6 Nxa6 9. h4 Nd7 10. h5 h6 11. Qg4 Bxe5 12. dxe5 Kh8 13. O-O c5 14. Rad1 Nb4 15. c4 f5 16. Qg6 Qe8 17. a3 Nd3 18. cxd5 Qxg6 19. hxg6 exd5 20. Nf3 c4 21. Rd2 Rfe8 22. Rfd1 Nf8 23. Ne1 Nxe5 24. Bxe5 Rxe5 25. Nf3 Ree8 26. Rxd5 Nxg6 27. Rxf5 Rad8 28. Rfd5 Rxd5 29. Rxd5 Rc8 30. Nd4 c3 31. bxc3 Rxc3 32. Nb5 Rb3 33. Nxa7 Rxa3 34. Nc8 Ra1+ 35. Kh2 Ra2 36. Kg3 Ne7 37. Nxe7 1-0


[Site "https://www.chess.com"]

[Event "Titled Tuesday Blitz October 04 Early 2022"]
[White "Tsaruk, Maksim"]
[Black "Le, Tuan Minh"]
[WhiteFideId "13511173"]
[BlackFideId "12401153"]
[WhiteElo "2273"]
[BlackElo "2530"]
[Result "0-1"]
[Round "04"]
[TimeControl "180+1"]
[Date "2022.10.04"]
[WhiteClock "0:00:05"]
[BlackClock "0:00:37"]

1. e4 c5 2. Nf3 Nf6 3. Nc3 d5 4. Bb5+ Bd7 5. Bxd7+ Qxd7 6. exd5 Nxd5 7. d4 e6 8. Nxd5 Qxd5 9. O-O c4 10. b3 Nc6 11. Be3 Rc8 12. Qe2 c3 13. a3 Bd6 14. Rfd1 O-O 15. Rd3 Ne7 16. Qe1 Qa5 17. b4 Qa4 18. Rxc3 Rxc3 19. Qxc3 Rc8 20. Qb3 Qxb3 21. cxb3 Rc3 22. Rb1 Nd5 23. Bd2 Rc2 24. Rc1 Rb2 25. Rc8+ Bf8 26. h4 f6 27. Rb8 Rxb3 28. Rxb7 Rxa3 29. b5 Bd6 30. g3 Rxf3 31. Rxa7 Rb3 32. Rd7 Bc7 33. h5 h6 34. Kg2 Rxb5 35. Be1 f5 36. Kf3 Bb6 37. Rd6 Kf7 38. Rd7+ Kf8 39. Rb7 Rb3+ 40. Kg2 Rb2 41. Rb8+ Kf7 42. Rb7+ Kf6 43. Ba5 g6 44. hxg6 Kxg6 45. Bxb6 Rxb6 46. Rd7 Rb4 47. Rd6 Kf6 48. Rd8 Rxd4 49. Rf8+ Kg7 50. Re8 Re4 51. Rd8 Nf6 52. Kf3 Ra4 53. Rb8 Ra3+ 54. Kg2 Ra2 55. Rb7+ Kg6 56. Kf3 Ng4 57. Kg2 Rxf2+ 58. Kg1 0-1


[Site "https://www.chess.com"]